 Dungeon Crawl Stone Soup version 0.31-a0-557-g6e16503903 (webtiles) character file.

Game seed: 3529346510637778383

1892364 motkurizz the Master Archer (level 26, 183/183 HPs)
             Began as a Deep Elf Hexslinger on Aug 16, 2023.
             Was the Champion of Cheibriados.
             Escaped with the Orb
             ... and 3 runes!
             The game lasted 02:51:50 (55006 turns).

motkurizz the Master Archer (Deep Elf Hexslinger)  Turns: 55006, Time: 02:51:50

Health: 183/183    AC: 32    Str: 19    XL:     26   Next: 72%
Magic:  42/42      EV: 51    Int: 42    God:    Cheibriados [******]
Gold:   2040       SH:  0    Dex: 43    Spells: 28/61 levels left

rFire   + + +        a - +9 triple crossbow (flame)
rCold   + . .        (shield currently unavailable)
rNeg    + + .        e - +8 fire dragon scales
rPois   .            U - +1 helmet of the Raven {*Corrode rN++ Regen+ Dex+4}
rElec   +            L - scarf {rC+ rF+}
rCorr   .            w - +2 pair of gloves
SInv    +            Y - +2 pair of boots
Will    ++++.        z - amulet of regeneration
Stlth   ++           b - ring of see invisible
HPRegen 2.10/turn    J - ring of Luetowk {rElec rC+ Will++ EV+5}
MPRegen 0.28/turn

%: corrode self (3%)
@: studying 2 skills, very slow
A: hooves 1, clever 1, low MP 1
0: Orb of Zot
}: 3/15 runes: barnacled, silver, gossamer
a: Renounce Religion, Bend Time, Temporal Distortion, Slouch, Step From Time


You escaped.
You worshipped Cheibriados.
Cheibriados was exalted by your worship.
You visited 10 branches of the dungeon, and saw 48 of its levels.
You visited 1 bazaar.
You also visited: Ossuary and Ice Cave.

You collected 10218 gold pieces.
You spent 8178 gold pieces at shops.

Inventory:

Hand Weapons
 a - a +9 triple crossbow of flaming (weapon)
Armour
 e - +8 fire dragon scales (worn)
 h - a +2 cloak of preservation
 q - a +2 leather armour of poison resistance
 r - the +5 faerie dragon scales {rCorr Str+3 Int+4 Stlth-}
   (You took it off the Enchantress on level 1 of the Depths)

   Str+3:     It affects your strength (+3).
   Int+4:     It affects your intelligence (+4).
   rCorr:     It protects you from acid and corrosion.
   Stlth-:    It makes you less stealthy.
 w - a +2 pair of gloves (worn)
 L - a scarf of resistance (worn)
 O - a +2 leather armour of resistance
 U - the +1 helmet of the Raven (worn) {*Corrode rN++ Regen+ Dex+4}
   (You found it on level 3 of the Lair of Beasts)

   Dex+4:     It affects your dexterity (+4).
   rN++:      It greatly protects you from negative energy.
   Regen+:    It increases your rate of health regeneration.
   *Corrode:  It may corrode you when you take damage.
 Y - a +2 pair of boots (worn)
Jewellery
 b - a ring of see invisible (left hand)
 n - a +4 ring of protection
 y - the amulet of Yfafeowe {Reflect MP+9 Str-5 Int+6 SH+5}
   (You acquired it in an ossuary)

   [amulet of reflection]

   Reflect:   It reflects blocked missile attacks.
   Str-5:     It affects your strength (-5).
   Int+6:     It affects your intelligence (+6).
   MP+9:      It affects your magic capacity (+9).
   SH+5:      It affects your SH (+5).
 z - an amulet of regeneration (around neck)
 D - the ring "Coamp" {rF+ rN++ rCorr}
   (You acquired it on level 5 of the Vaults)

   [ring of resist corrosion]

   rF+:       It protects you from fire.
   rN++:      It greatly protects you from negative energy.
   rCorr:     It protects you from acid and corrosion.
 J - the ring of Luetowk (right hand) {rElec rC+ Will++ EV+5}
   (You found it on level 11 of the Dungeon)

   [ring of evasion]

   EV+5:      It affects your evasion (+5).
   rC+:       It protects you from cold.
   rElec:     It insulates you from electricity.
   Will++:    It greatly increases your willpower.
 K - a +6 ring of dexterity
Wands
 c - a wand of digging (20)
 N - a wand of mindburst (25)
 Q - a wand of iceblast (41)
 S - a wand of paralysis (55)
 V - a wand of flame (29)
 W - a wand of light (22)
Scrolls
 d - 4 scrolls of vulnerability
 f - a scroll of revelation
 j - 14 scrolls of immolation
 k - 10 scrolls of blinking
 m - 18 scrolls of teleportation
 o - 11 scrolls of amnesia
 t - 13 scrolls of poison
 u - 2 scrolls of enchant armour
 x - 12 scrolls of fog
 B - 5 scrolls of enchant weapon
 G - 11 scrolls of fear
 T - 8 scrolls of silence
 Z - 22 scrolls of identify
Potions
 g - 20 potions of curing
 i - 7 potions of ambrosia
 p - 10 potions of brilliance
 s - 10 potions of magic
 A - 13 potions of attraction
 C - 2 potions of cancellation
 E - 4 potions of invisibility
 F - 18 potions of heal wounds
 H - 10 potions of mutation
 I - 13 potions of might
 M - 7 potions of enlightenment
 P - 7 potions of resistance
Miscellaneous
 l - a lightning rod (4/4)
 v - a tin of tremorstones (2/2)
 R - a phantom mirror (inert)
 X - a phial of floods


   Skills:
 + Level 23.3 Fighting
 - Level 2.0 Short Blades
 O Level 27 Ranged Weapons
 - Level 16.2 Armour
 O Level 27 Dodging
 - Level 8.0 Stealth
 - Level 18.0 Spellcasting
 - Level 4.0 Conjurations
 - Level 8.0 Hexes
 - Level 2.0 Translocations
 - Level 1.0 Fire Magic
 - Level 6.1 Ice Magic
 - Level 3.0 Air Magic
 - Level 1.0 Poison Magic
 - Level 10.0 Invocations
 - Level 5.0 Evocations


You had 28 spell levels left.
You knew the following spells:

 Your Spells              Type           Power      Damage    Failure   Level
a - Ozocubu's Armour      Ice            74%        N/A       1%          3
b - Inner Flame           Hex/Fire       66%        N/A       1%          3
c - Cause Fear            Hex            40%        N/A       1%          4
d - Mephitic Cloud        Conj/Pois/Air  56%        N/A       1%          3
e - Blink                 Tloc           100%       N/A       1%          2
f - Freezing Cloud        Conj/Ice/Air   32%        6-21      8%          5
g - Silence               Hex/Air        35%        N/A       4%          5
h - Iskenderun's Mystic   Conj/Tloc      58%        2d12      4%          4
r - Frozen Ramparts       Ice            100%       1d16      1%          3
s - Slow                  Hex            100%       N/A       1%          1

Your spell library contained the following spells:

 Spells                   Type           Power      Damage    Failure   Level
 Apportation              Tloc           100%       N/A       1%          1
 Foxfire                  Conj/Fire      100%       2x1d9     1%          1
 Freeze                   Ice            100%       1d10      1%          1
 Kiss of Death            Conj/Necr      100%       2d13      1%          1
 Necrotise                Necr           100%       1d9       1%          1
 Shock                    Conj/Air       100%       1d9       1%          1
 Sting                    Tmut/Pois      100%       1d8       1%          1
 Summon Small Mammal      Summ           100%       N/A       1%          1
 Ensorcelled Hibernation  Hex/Ice        100%       N/A       1%          2
 Lesser Beckoning         Tloc           100%       N/A       1%          2
 Momentum Strike          Conj/Tloc      100%       3d10      1%          2
 Poisonous Vapours        Pois/Air       100%       N/A       1%          2
 Scorch                   Fire           92%        2d8       1%          2
 Static Discharge         Conj/Air       100%       2-7/arc   1%          2
 Confusing Touch          Hex            81%        N/A       1%          3
 Dazzling Flash           Conj/Hex       100%       N/A       1%          3
 Hailstorm                Conj/Ice       69%        3d14      1%          3
 Portal Projectile        Hex/Tloc       100%       N/A       1%          3
 Swiftness                Air            58%        N/A       1%          3
 Tukima's Dance           Hex            81%        N/A       1%          3
 Vhi's Electric Charge    Tloc/Air       100%       N/A       1%          3
 Fulminant Prism          Conj/Hex       36%        3d18      1%          4
 Passwall                 Tmut/Erth      30%        N/A       2%          2
 Gell's Gravitas          Tloc           53%        N/A       2%          3
 Stone Arrow              Conj/Erth      100%       3d13      2%          3
 Teleport Other           Tloc           53%        N/A       2%          3
 Volatile Blastmotes      Fire/Tloc      100%       2d18      2%          3
 Anguish                  Hex/Necr       31%        N/A       3%          4
 Leda's Liquefaction      Hex/Erth       31%        N/A       3%          4
 Airstrike                Air            29%        2d(5-21)  4%          4
 Flame Wave               Conj/Fire      56%        2d13      6%          4
 Sticky Flame             Conj/Fire      56%        2d7       6%          4
 Manifold Assault         Tloc           53%        N/A       7%          4
 Passage of Golubria      Tloc           53%        N/A       7%          4
 Summon Lightning Spire   Summ/Air       50%        N/A       9%          4
 Yara's Violent Unravell  Hex/Tmut       31%        3d13      9%          5
 Animate Armour           Summ/Erth      74%        N/A       16%         4
 Dispel Undead            Necr           37%        3d15      16%         4
 Fireball                 Conj/Fire      28%        3d12      16%         5
 Summon Forest            Summ/Tloc      23%        N/A       30%         5
 Agony                    Necr           37%        N/A       41%         5
 Lee's Rapid Deconstruct  Erth           18%        3d11*     41%         5
 Conjure Ball Lightning   Conj/Air       30%        3x3d10    52%         6
 Leda's Unmaking          Conj/Erth      26%        9d5       73%         6
 Ozocubu's Refrigeration  Ice            37%        4d15      75%         7
 Eringya's Noxious Bog    Tmut/Pois      21%        4d6       90%         6
 Summon Cactus Giant      Summ           18%        N/A       94%         6
 Spellforged Servitor     Conj/Summ      26%        N/A       99%         7
 Discord                  Hex            40%        N/A       99%         8
 Summon Hydra             Summ           18%        N/A       100%        7
 Disjunction              Tloc           26%        N/A       100%        8
 Lehudib's Crystal Spear  Conj/Erth      26%        10d7      100%        8
 Dragon's Call            Summ           18%        N/A       100%        9
 Polar Vortex             Ice            37%        12d4*     100%        9


Dungeon Overview and Level Annotations

Branches:
Dungeon (15/15)            Temple (1/1) D:4            Lair (5/5) D:10
 Shoals (4/4) Lair:3       Spider (4/4) Lair:3        Slime (0/5) Lair:4
    Orc (2/2) D:9             Elf (3/3) Orc:2        Vaults (5/5) D:14
  Crypt (0/3) Vaults:2     Depths (4/4) D:15            Zot (5/5) Depths:4
Ossuary (visited)           IceCv (visited)

Altars:
Ashenzari
Cheibriados
Dithmenos
Elyvilon
Fedhas
Gozag
Hepliaklqana
Kikubaaqudgha
Makhleb
Nemelex Xobeh
Okawaru
Qazlal
Ru
Sif Muna
Trog
Uskayaw
Vehumet
Wu Jian
Xom
Yredelemnul
Zin
The Shining One
Lugonu

Shops:
D:8 :   D:15 (   Orc:1 (   Orc:2 =*[!?   Elf:2 ?*:(*   Elf:3 *(*   Shoals:1 :
Shoals:2 (   Shoals:3 !   Vaults:1 !(   Vaults:2 :??[   Vaults:3 (   Vaults:4 (
Depths:3 ==:*=[   Depths:4 !=!*

Portals:
Hell: Depths:1 Depths:2 Depths:3 Depths:4
Abyss: Depths:1 Depths:2 Depths:3 Depths:4
Pandemonium: Depths:2 Depths:3 Depths:4
Ziggurat: Depths:1

Annotations:
D:2 exclusion: 2 downstairs
D:3 exclusion: downstairs
D:5 exclusion: 2 downstairs
D:7 exclusion: downstairs
D:9 exclusion: door
D:10 1 runed translucent door
Temple 2 transporters
Lair:4 exclusion: 3 downstairs
Spider:1 exclusion: 2 downstairs
Zot:2 2 transporters


Innate Abilities, Weirdness & Mutations

You have large cloven feet.
Your mind is acute. (Int +4, Str/Dex -1)
Your magical capacity is low. (-10% MP)


Message History

Cheibriados appreciates the change of pace.
What level of the Dungeon? (default 1, ? - help) HP restored.
There is a stone staircase leading up, spattered with blood here.
You climb upwards.
There is a stone staircase leading down here.
There is a stone staircase leading up here.
You climb upwards.
Level annotation: exclusion: downstairs
There is a stone staircase leading down here.
There is a stone staircase leading up here.
You climb upwards.
Level annotation: exclusion: 2 downstairs
There is a stone staircase leading down here.
There is a stone staircase leading up here.
You climb upwards.
There is a stone staircase leading down here.
There is an open door here.
There is a fountain of clear blue water here.
An Orb Guardian comes into view.
You shoot a bolt.
The bolt barely misses the Orb Guardian.
You shoot a bolt.
The bolt hits the Orb Guardian but does no damage.
You shoot a bolt. The bolt hits the Orb Guardian!
The bolt burns the Orb Guardian.
The Orb Guardian is moderately wounded.
You shoot a bolt.
The bolt barely misses the Orb Guardian.
You shoot a bolt. The bolt hits the Orb Guardian!!
The bolt burns the Orb Guardian.
The Orb Guardian is heavily wounded.
The Orb Guardian completely misses you. x2
You shoot a bolt. The bolt hits the Orb Guardian!!!!
The bolt burns the Orb Guardian!
You kill the Orb Guardian!
Cheibriados thoroughly appreciates the change of pace.
No target in view!
There is a staircase leading out of the dungeon here.
You have escaped!

###..# #... # #..# #.#+ #
#..########## ##### #.#+
###...........########...# #...
.......##................# #...
#####†.##..##♣♣♣.♣♣♣##...#####...
##.....# ♣⌠♣ #......##...
###...♣♣♣♣♣.♣♣♣♣♣..###.##...
#......⌠.@.⌠.....###......
#...♣♣♣♣♣.♣♣♣♣♣........... #...#
♣⌠♣ #...........
#####...##♣♣♣.♣♣♣##...........
#...#.........................
#...#........###########'###..
#...########...## #......####'
#........# ###..# #...........
#....###.######.# ############


There were no monsters in sight!

Vanquished Creatures
  9 orbs of fire (Zot:5)
  3 dread liches
  2 ancient liches (Zot:5)
  A juggernaut (Depths:2)
  2 pandemonium lords
  Boris (Vaults:3)
  5 Killer Klowns
  2 curse toes
  A caustic shrike (Depths:2)
  Xtahua (Vaults:3)
  Nikola (Shoals:4)
  13 golden dragons
  A Brimstone Fiend (D:12)
  Arachne (Spider:3)
  the Enchantress (Depths:1)
  A Tzitzimitl (Depths:2)
  Norris (Elf:3)
  2 electric golems (Zot:5)
  13 tentacled monstrosities
  29 Orb Guardians
  Jorgrun (Elf:1)
  Zenata (Vaults:1)
  2 deep elf blademasters (Elf:3)
  7 quicksilver dragons
  5 liches
  2 deep elf master archers (Elf:3)
  8 titans
  Asterion (Vaults:1)
  Polyphemus (Shoals:4)
  2 krakens
  10 sphinxes
  8 tengu reavers
  5 death cobs
  15 storm dragons
  2 draconian monks
  13 fire giants
  7 shadow dragons
  8 draconian knights
  3 deep elf sorcerers
  15 vault wardens
  11 emperor scorpions
  4 deep elf elementalists (Elf:3)
  22 frost giants
  4 ghost moths
  2 draconian stormcallers
  9 draconian scorchers
  A balrug (Depths:1)
  3 formless jellyfish
  3 draconian annihilators
  A war gargoyle (Vaults:5)
  22 stone giants
  5 spriggan defenders
  3 orc warlords
  5 vampire knights
  2 draconian shifters
  20 ironbound preservers
  18 very ugly things
  7 black draconians
  9 ironbound thunderhulks
  3 lorocyprocas
  2 demonspawn black suns (D:7)
  4 deep elf annihilators
  9 deep elf demonologists
  15 spark wasps
  2 green draconians (Zot:5)
  6 white draconians
  A bunyip (shapeshifter) (Depths:4)
  5 yellow draconians
  6 red draconians
  2 eidola (Vaults:4)
  14 purple draconians
  12 dire elephants
  A green death (D:12)
  3 jiangshi (Depths:3)
  3 crystal guardians (Vaults:3)
  6 deep elf death magi
  16 ettins
  11 fire dragons
  Josephine (Orc:1)
  8 merfolk impalers
  An entropy weaver (shapeshifter) (D:13)
  4 merfolk javelineers
  4 entropy weavers
  13 yaktaur captains
  8 great orbs of eyes
  14 ice dragons
  7 deep elf high priests
  8 hydras
  2 peacekeepers (Vaults:3)
  8 rakshasas
  Erolcha (D:9)
  A hell beast (Zot:5)
  4 jorogumos
  35 vault guards
  5 spriggan air magi
  3 catoblepae
  2 merfolk avatars
  13 ironbound frosthearts
  4 merfolk aquamancers
  An ogre mage (Vaults:5)
  5 centaur warriors
  A radroach (Spider:2)
  10 boulder beetles
  5 two-headed ogres
  Erica (D:8)
  A satyr (Shoals:4)
  9 tengu warriors
  8 orc high priests
  5 deep troll shamans
  10 death yaks
  4 vampire magi
  5 deep troll earth magi
  25 dancing weapons
  12 spriggan berserkers
  2 hell knights
  3 sphinx skeletons (Depths:3)
  The ghost of Zgarb the Frost Mage, a novice DgIE (D:10)
  12 demonic crawlers
  Urug (Orc:1)
  A soul eater (D:7)
  27 spriggans
  Amaemon (Lair:1)
  19 deep elf knights
  5 skysharks
  2 sun demons (Depths:1)
  Sonja (D:11)
  A fire crab (Lair:3)
  3 sun moths
  A large abomination (D:5)
  5 iron trolls
  A salamander mystic (Depths:2)
  4 pharaoh ants
  5 glowing orange brains
  46 deep trolls
  13 orb spiders
  A spriggan druid (Depths:3)
  An orb spider (shapeshifter) (Vaults:2)
  17 sea snakes
  A glowing orange brain (shapeshifter) (Vaults:1)
  2 shadow demons
  11 deep elf archers
  3 flayed ghosts (Depths:2)
  18 ironbound convokers
  9 phantasmal warriors
  7 lindwurms
  24 deep elf pyromancers
  27 deep elf zephyrmancers
  6 wizards
  Pikel (D:6)
  15 harpies
  An obsidian statue (Zot:5)
  8 steelbarb worms
  8 orc knights
  6 necromancers
  2 fauns (shapeshifter)
  21 wolf spiders
  15 manticores
  An orc sorcerer (Orc:1)
  5 salamanders
  6 fauns
  55 ugly things
  34 moths of wrath
  7 cyclopes
  Maurice (D:8)
  A salamander (shapeshifter) (D:11)
  A stone giant skeleton (Vaults:2)
  A moth of wrath (shapeshifter) (Vaults:5)
  6 torpor snails
  2 rust devils
  6 elephants (Lair:5)
  21 vault sentinels
  Joseph (D:9)
  5 water nymphs
  4 black mambas
  A gargoyle (D:11)
  3 ice statues (IceCv)
  6 merfolk sirens
  2 orange demons
  Psyche (D:9)
  29 cane toads
  A cane toad (shapeshifter) (D:14)
  11 komodo dragons
  A tormentor (Zot:4)
  An elf skeleton (Vaults:2)
  4 rime drakes
  An efreet (D:13)
  2 freezing wraiths (Vaults:5)
  A yaktaur (shapeshifter) (D:14)
  16 yaktaurs
  An anaconda simulacrum (IceCv)
  4 tengu conjurers
  A rime drake (shapeshifter) (Vaults:5)
  2 ice devils (D:12)
  6 kobold demonologists
  A red devil (D:5)
  4 polar bears
  A hellwing (Depths:2)
  3 meliai (Spider:4)
  7 trolls
  A polar bear (shapeshifter) (D:14)
  A wind drake (shapeshifter) (D:14)
  8 hornets
  33 merfolk
  A raiju (shapeshifter) (Elf:2)
  22 tarantellas
  5 wind drakes
  The ghost of Vorhees the Insei, an amateur GnSh (D:4)
  2 tyrant leeches (Lair:5)
  15 snapping turtles
  6 dream sheep
  20 blink frogs
  24 jumping spiders
  32 slime creatures
  A culicivora (shapeshifter) (Vaults:5)
  16 water elementals
  6 wraiths
  23 culicivoras
  5 wyverns
  2 air elementals
  4 shadows
  37 yaks
  5 basilisks
  3 fire elementals
  3 vampires (Vaults:2)
  A human (shapeshifter) (D:13)
  49 redbacks
  3 steam dragons (D:9)
  A chaos spawn (Zot:4)
  13 vampire mosquitoes
  A death yak simulacrum (IceCv)
  7 wargs
  2 hydra simulacra (IceCv)
  A water moccasin (shapeshifter) (Vaults:5)
  Edmund (D:6)
  7 acid dragons
  3 hell hounds (Depths:2)
  12 water moccasins
  2 floating eyes
  A floating eye (shapeshifter) (Depths:2)
  5 sky beasts
  14 orc warriors
  A black bear (D:8)
  2 ice beasts
  3 small abominations (D:14)
  A boggart (D:14)
  12 ogres
  2 human skeletons
  6 wolves
  7 centaurs
  A phantom (D:7)
  7 kobold brigands (D:9)
  Blork the orc (D:6)
  17 bullfrogs
  2 earth elementals
  5 gnoll sergeants
  2 human zombies (Vaults:1)
  6 scorpions
  A human simulacrum (Vaults:2)
  19 wights
  5 killer bees
  An elephant simulacrum (IceCv)
  2 electric eels (Lair:5)
  4 howler monkeys
  2 hounds
  34 orc priests
  5 jellies
  3 sleepcaps
  2 iguanas
  A gnoll bouda (D:6)
  21 orc wizards
  A wolf simulacrum (IceCv)
  2 polar bear simulacra (IceCv)
  9 mummies
  10 gnolls
  13 adders
  2 white imps
  An ufetubus (D:7)
  A worm (D:4)
  3 dart slugs
  99 orcs
  10 ball pythons
  8 bats
  7 endoplasms
  4 giant cockroaches
  2 gnoll zombies (Ossuary)
  7 hobgoblins
  5 jackals
  13 kobolds
  A quokka (D:1)
  A frilled lizard (D:1)
  2 goblins
  2 hobgoblin zombies (Ossuary)
  A jackal skeleton (D:10)
  3 kobold zombies (Ossuary)
  An orc zombie (Ossuary)
  4 rats (D:1)
  3 tentacles
2140 creatures vanquished.

Vanquished Creatures (collateral kills)
  A tengu reaver (Vaults:5)
1 creature vanquished.

Vanquished Creatures (others)
  An eldritch tentacle (Zot:5)
  A frost giant (Depths:2)
  A death yak (Shoals:4)
  A moth of wrath (Zot:3)
  An orc wizard (D:4)
  5 tentacles
10 creatures vanquished.

Grand Total: 2151 creatures vanquished

Notes
Turn   | Place    | Note
-------+----------+-------------------------------------------
     0 | D:1      | motkurizz the Deep Elf Hexslinger began the quest for the
                  | Orb.
     0 | D:1      | Reached XP level 1. HP: 11/11 MP: 5/5
    59 | D:1      | Reached skill level 1 in Fighting
   167 | D:1      | Reached XP level 2. HP: 16/16 MP: 5/7
   388 | D:1      | Found a faded altar of an unknown god.
   830 | D:1      | Reached XP level 3. HP: 20/20 MP: 8/8
  1307 | D:2      | Learned a level 2 spell: Blink
  1311 | D:2      | Learned a level 3 spell: Inner Flame
  1878 | D:2      | Reached skill level 5 in Hexes
  1878 | D:2      | Reached skill level 1 in Fire Magic
  1878 | D:2      | Reached XP level 4. HP: 13/25 MP: 7/9
  3338 | D:4      | Found a runed translucent door.
  3349 | D:4      | Reached skill level 1 in Short Blades
  3349 | D:4      | Reached XP level 5. HP: 17/29 MP: 10/10
  3528 | D:4      | Reached skill level 5 in Ranged Weapons
  3703 | D:4      | Learned a level 4 spell: Cause Fear
  3818 | D:4      | Reached XP level 6. HP: 28/34 MP: 8/12
  3850 | D:4      | Noticed Vorhees's ghost (amateur GnSh)
  4119 | D:4      | Found a staircase to the Ecumenical Temple.
  4125 | Temple   | Found a transporter.
  4125 | Temple   | Found a transporter.
  4125 | Temple   | Found a transporter.
  4125 | Temple   | Found a transporter.
  4125 | Temple   | Entered the Ecumenical Temple
  4142 | Temple   | Became a worshipper of Cheibriados the Contemplative
  4647 | D:5      | Entered Level 5 of the Dungeon
  4658 | D:5      | Reached skill level 1 in Translocations
  4698 | D:5      | Found an iron altar of Okawaru.
  4701 | D:5      | Noticed a sky beast
  4933 | D:5      | Reached XP level 7. HP: 38/38 MP: 13/13
  5378 | D:5      | Reached * piety under Cheibriados
  6263 | D:6      | Reached XP level 8. HP: 45/45 MP: 5/15
  6443 | D:6      | Reached skill level 1 in Stealth
  6501 | D:6      | Found a broken altar of Ashenzari.
  6599 | D:6      | Reached skill level 5 in Dodging
  6809 | D:6      | Noticed Edmund
  7221 | D:6      | Killed Edmund
  7335 | D:6      | Noticed Blork the orc
  7342 | D:6      | Killed Blork the orc
  7370 | D:6      | Noticed Sigmund
  7371 | D:6      | Sigmund changed into Sigmund the jelly
  7371 | D:6      | Noticed Sigmund
  7373 | D:6      | Killed Sigmund the jelly
  7561 | D:6      | Learned a level 3 spell: Mephitic Cloud
  7863 | D:7      | Reached ** piety under Cheibriados
  7912 | D:7      | Reached XP level 9. HP: 47/52 MP: 17/17
  7934 | D:7      | Found a sand-covered staircase.
  7958 | Ossuary  | Entered an ossuary
  8181 | Ossuary  | Reached skill level 1 in Conjurations
  8181 | Ossuary  | Reached skill level 1 in Poison Magic
  8343 | Ossuary  | Identified 2 scrolls of acquirement
  8344 | Ossuary  | Acquired a +4 triple crossbow of flaming
  8346 | Ossuary  | Acquired the amulet of Yfafeowe {Reflect MP+9 Str-5 Int+6
                  | SH+5}
  8456 | D:7      | Reached skill level 1 in Air Magic
  8735 | D:7      | Found a shimmering altar of Xom.
  9165 | D:8      | Reached skill level 5 in Spellcasting
  9320 | D:8      | Noticed Erica
  9425 | D:8      | Reached skill level 1 in Invocations
  9486 | D:8      | Reached skill level 5 in Fighting
  9514 | D:8      | Reached *** piety under Cheibriados
  9583 | D:8      | Killed Erica
  9790 | D:8      | Identified the +3 ring mail of Skepticism {+Inv rCorr Int+2
                  | Slay+2}
  9931 | D:8      | Found Zeopeipt's Book Shoppe.
  9938 | D:8      | Bought Ozocubu's Autobiography for 360 gold pieces
  9942 | D:8      | Learned a level 3 spell: Ozocubu's Armour
 10003 | D:8      | Reached skill level 10 in Ranged Weapons
 10006 | D:8      | Reached skill level 1 in Ice Magic
 10033 | D:8      | Reached XP level 10. HP: 59/59 MP: 19/19
 10357 | D:8      | Found an ancient bone altar of Kikubaaqudgha.
 10357 | D:8      | Found a stormy altar of Qazlal.
 10470 | D:8      | Noticed Maurice
 10483 | D:8      | Killed Maurice
 10891 | D:9      | Noticed Joseph
 10895 | D:9      | Killed Joseph
 11007 | D:9      | Found a shadowy altar of Dithmenos.
 11059 | D:9      | Reached **** piety under Cheibriados
 11181 | D:9      | Noticed Psyche
 11190 | D:9      | Killed Psyche
 11324 | D:9      | Noticed Erolcha
 11789 | D:9      | Found a faded altar of an unknown god.
 11789 | D:9      | Found an opulent altar of Gozag.
 11797 | D:9      | Found a white marble altar of Elyvilon.
 11799 | D:9      | Found a sacrificial altar of Ru.
 11801 | D:9      | Found a faded altar of an unknown god.
 11840 | D:9      | Found a staircase to the Orcish Mines.
 11855 | D:9      | Reached XP level 11. HP: 37/66 MP: 20/20
 11976 | D:9      | Noticed a two-headed ogre
 12054 | D:10     | Entered Level 10 of the Dungeon
 12079 | D:10     | Found a transporter.
 12100 | D:10     | Found a transporter.
 12288 | D:10     | Found a runed translucent door.
 12292 | D:10     | Found a basalt altar of Yredelemnul.
 12322 | D:10     | Found a sparkling altar of Nemelex Xobeh.
 12408 | D:10     | Found a staircase to the Lair.
 12501 | D:10     | Noticed a catoblepas
 12696 | Lair:1   | Entered Level 1 of the Lair of Beasts
 12696 | Lair:1   | Noticed a death yak
 12697 | Lair:1   | Noticed a death yak
 12697 | Lair:1   | Noticed a death yak
 12698 | Lair:1   | Killed a death yak
 12698 | Lair:1   | Noticed a death yak
 12698 | Lair:1   | Noticed a death yak
 12699 | Lair:1   | Noticed a death yak
 12706 | D:10     | Killed a death yak
 12709 | D:10     | Killed a death yak
 12710 | D:10     | Reached skill level 5 in Invocations
 13223 | D:10     | Killed a death yak
 13226 | D:10     | Killed a death yak
 13280 | Lair:1   | Killed a death yak
 13281 | Lair:1   | Reached skill level 10 in Dodging
 13285 | Lair:1   | Learned a level 3 spell: Frozen Ramparts
 13327 | Lair:1   | Noticed Amaemon
 13330 | Lair:1   | Killed Amaemon
 13460 | Lair:1   | Reached ***** piety under Cheibriados
 13614 | Lair:1   | Reached XP level 12. HP: 73/73 MP: 23/23
 14321 | Lair:2   | Reached skill level 15 in Ranged Weapons
 14350 | Lair:2   | Identified the +0 cloak "Suxoud" {Will+ Dex+3 Slay-6}
 15273 | Lair:3   | Identified the +1 helmet of the Raven {*Corrode rN++ Regen+
                  | Dex+4}
 15327 | Lair:3   | Found a hole to the Spider Nest.
 15418 | Lair:3   | Reached ****** piety under Cheibriados
 15431 | Lair:3   | Found an ornate altar of the Wu Jian Council.
 15455 | Lair:3   | Found a staircase to the Shoals.
 15670 | Lair:3   | Noticed a death yak
 15674 | Lair:3   | Killed a death yak
 15757 | Lair:3   | Noticed a boulder beetle
 15766 | Lair:3   | Reached XP level 13. HP: 44/79 MP: 27/27
 15826 | Lair:3   | Learned a level 5 spell: Freezing Cloud
 16319 | Lair:4   | Found a staircase to the Slime Pits.
 17085 | Lair:5   | Entered Level 5 of the Lair of Beasts
 17528 | Lair:5   | Reached skill level 10 in Spellcasting
 17555 | Lair:5   | Reached skill level 5 in Ice Magic
 17567 | Lair:5   | Identified the +10 spear of Locus Delicti {vamp, *Noise
                  | rF+++ Dex+4}
 17602 | Lair:5   | Reached skill level 15 in Dodging
 17676 | Lair:5   | Reached XP level 14. HP: 67/86 MP: 30/30
 17973 | Lair:5   | Found a snail-covered altar of Cheibriados.
 18378 | D:9      | Killed Erolcha
 18813 | D:4      | Killed Vorhees's ghost
 18814 | D:4      | Reached skill level 10 in Fighting
 18942 | D:6      | Noticed Pikel
 18945 | D:6      | Killed Pikel
 19392 | Orc:1    | Entered Level 1 of the Orcish Mines
 19397 | Orc:1    | Found Loxkoduy's Weapon Emporium.
 19403 | Orc:1    | Noticed Urug
 19404 | Orc:1    | Killed Urug
 19455 | Orc:1    | Noticed Josephine
 19460 | Orc:1    | Killed Josephine
 19829 | Orc:1    | Noticed an orc warlord
 19834 | Orc:1    | Killed an orc warlord
 19939 | Orc:2    | Entered Level 2 of the Orcish Mines
 20226 | Orc:2    | Found a staircase to the Elven Halls.
 20272 | Orc:2    | Found Syghizos's Magic Scroll Shop.
 20282 | Orc:2    | Bought a scroll of blinking for 75 gold pieces
 20282 | Orc:2    | Bought a scroll of identify for 20 gold pieces
 20282 | Orc:2    | Bought a scroll of identify for 20 gold pieces
 20282 | Orc:2    | Bought a scroll of fog for 40 gold pieces
 20282 | Orc:2    | Bought a scroll of identify for 20 gold pieces
 20420 | Orc:2    | Found Haigg's Jewellery Shoppe.
 20422 | Orc:2    | Found Reremal's Assorted Antiques.
 20479 | Orc:2    | Bought a glowing cloak for 232 gold pieces
 20490 | Orc:2    | Bought a sapphire ring for 155 gold pieces
 20758 | Orc:2    | Found Jolesk's Antique Armour Shoppe.
 20767 | Orc:2    | Found Wisuxkuf's Distillery.
 20809 | Orc:2    | Bought a potion of heal wounds for 65 gold pieces
 20809 | Orc:2    | Bought a potion of invisibility for 104 gold pieces
 21166 | D:11     | Identified the ring of Luetowk {rElec rC+ Will++ EV+5}
 21176 | D:11     | Reached skill level 1 in Armour
 21579 | D:11     | Noticed Sonja
 21581 | D:11     | Killed Sonja
 21916 | D:11     | You fall into a shaft and drop 2 floors!
 21950 | D:13     | Reached XP level 15. HP: 93/93 MP: 32/32
 22168 | D:13     | Identified the +1 war axe of Koacir {drain, rN+ Int+3}
 22473 | D:12     | Found a frozen archway.
 22484 | IceCv    | Entered an ice cave
 22549 | IceCv    | Identified the staff "Awei" {Str+4 Int+4 Dex-2 Conj}
 22725 | D:12     | Found a corrupted altar of Lugonu.
 22873 | D:12     | Reached skill level 5 in Stealth
 23540 | D:14     | Found a gate to the Vaults.
 24046 | D:14     | Got the Octavo of Places
 24359 | D:15     | Entered Level 15 of the Dungeon
 24492 | D:15     | Found a staircase to the Depths.
 24841 | D:15     | Found Ivoem's Weapon Shop.
 25501 | Spider:1 | Entered Level 1 of the Spider Nest
 25652 | Spider:1 | Reached XP level 16. HP: 101/101 MP: 33/33
 27024 | Spider:3 | Noticed Arachne
 27031 | Spider:3 | Killed Arachne
 27856 | Spider:4 | Entered Level 4 of the Spider Nest
 28006 | Spider:4 | Reached XP level 17. HP: 109/109 MP: 34/34
 28437 | Spider:4 | Identified the staff "Bugoiter" {Int+6 Earth}
 28652 | Spider:4 | Got a gossamer rune of Zot
 28971 | Shoals:1 | Entered Level 1 of the Shoals
 29069 | Shoals:1 | Noticed a kraken
 29076 | Shoals:1 | Killed a kraken
 29181 | Shoals:1 | Found Eninoep's Self-Improvement Boutique.
 29194 | Shoals:1 | Bought a manual of Dodging for 1440 gold pieces
 29713 | Shoals:2 | Found Ytiamy's Antique Weapon Shoppe.
 30005 | Shoals:2 | Noticed a kraken
 30010 | Shoals:2 | Killed a kraken
 30411 | Shoals:3 | Found Tainiz's Distillery.
 30423 | Shoals:3 | Bought a potion of heal wounds for 90 gold pieces
 30769 | Shoals:4 | Entered Level 4 of the Shoals
 30803 | Shoals:4 | Reached XP level 18. HP: 117/117 MP: 36/36
 30875 | Shoals:4 | Noticed Polyphemus
 30886 | Shoals:4 | Killed Polyphemus
 31095 | Shoals:4 | Got a barnacled rune of Zot
 31290 | Shoals:4 | Noticed Nikola
 31301 | Shoals:4 | Killed Nikola
 31643 | Shoals:4 | Reached XP level 19. HP: 122/122 MP: 38/38
 31923 | Vaults:1 | Entered Level 1 of the Vaults
 32252 | Vaults:1 | Noticed Zenata
 32256 | Vaults:1 | Killed Zenata
 32467 | Vaults:1 | Reached skill level 15 in Fighting
 32701 | Vaults:1 | Noticed Asterion
 32706 | Vaults:1 | Killed Asterion
 32720 | Vaults:1 | Learned a level 5 spell: Silence
 32725 | Vaults:1 | Learned a level 4 spell: Iskenderun's Mystic Blast
 32874 | Vaults:1 | Found Otayr's Weapon Shop.
 33033 | Vaults:1 | Found Juthuirr's Distillery.
 33178 | Vaults:2 | Reached XP level 20. HP: 123/129 MP: 37/39
 33375 | Vaults:2 | Found Zyonifro's Magic Scroll Shop.
 33398 | Vaults:2 | Bought a scroll of blinking for 97 gold pieces
 33453 | Vaults:2 | Found Gies's Magic Scroll Boutique.
 33459 | Vaults:2 | Bought a scroll of blinking for 135 gold pieces
 33459 | Vaults:2 | Bought a scroll of teleportation for 54 gold pieces
 33459 | Vaults:2 | Bought a scroll of teleportation for 54 gold pieces
 33459 | Vaults:2 | Bought a scroll of teleportation for 54 gold pieces
 33546 | Vaults:2 | Found Fajej's Armour Shop.
 33842 | Vaults:2 | Found a staircase to the Crypt.
 33874 | Vaults:2 | Found Xineost's Book Shop.
 34486 | Vaults:3 | Noticed Xtahua
 34499 | Vaults:3 | Killed Xtahua
 34809 | Vaults:3 | Reached skill level 15 in Spellcasting
 34860 | Vaults:3 | Noticed Boris
 34870 | Vaults:3 | Killed Boris
 35152 | Vaults:3 | Found Edwis's Weapon Boutique.
 35486 | Vaults:4 | Reached XP level 21. HP: 136/136 MP: 40/42
 35771 | Vaults:4 | Reached skill level 5 in Armour
 35847 | Vaults:4 | Found Doem's Antique Weapon Shop.
 35880 | Vaults:4 | Identified the +7 chain mail "Ceirgh" {rN+}
 37020 | Elf:1    | Entered Level 1 of the Elven Halls
 37318 | Elf:1    | Got the Quarto of Rime and Outbursts
 37862 | Elf:1    | Noticed Jorgrun
 37868 | Elf:1    | Killed Jorgrun
 38124 | Elf:2    | Found Cuegg's Magic Scroll Emporium.
 38127 | Elf:2    | Found Lyotraim's Book Shoppe.
 38129 | Elf:2    | Bought a scroll of acquirement for 988 gold pieces
 38131 | Elf:2    | Acquired 607 gold pieces
 38177 | Elf:2    | Bought a scroll of blinking for 142 gold pieces
 38228 | Elf:2    | Found Oprig Hed's Assorted Antiques.
 38234 | Elf:2    | Bought an embroidered scarf for 232 gold pieces
 38269 | Elf:2    | Found Fuysexu's Assorted Antiques.
 38280 | Elf:2    | Found Veatrea Rilo's Weapon Emporium.
 38410 | Elf:2    | Found a runed translucent gate.
 38411 | Elf:2    | Found a runed translucent gate.
 38411 | Elf:2    | Found a runed translucent gate.
 39101 | Elf:3    | Entered Level 3 of the Elven Halls
 39162 | Elf:3    | Found Geozxuoc's General Store.
 39195 | Elf:3    | Noticed Norris
 39201 | Elf:3    | Killed Norris
 39202 | Elf:3    | Reached XP level 22. HP: 145/145 MP: 43/43
 39638 | Elf:3    | Found Xoitiec's Antique Weapon Shoppe.
 39651 | Elf:3    | Found Futhregef's Assorted Antiques.
 39744 | Elf:3    | Found a gateway to a bazaar.
 39831 | Bazaar   | Entered a bazaar
 39831 | Bazaar   | Found Toreanka's Armour Emporium.
 39839 | Bazaar   | Found Tuumaj's Armour Emporium.
 39842 | Bazaar   | Found Bacat's Armour Boutique.
 39849 | Bazaar   | Found Jachudda's Book Shoppe.
 39856 | Bazaar   | Found Nuh Kykkao's Jewellery Emporium.
 39909 | Bazaar   | Bought a +2 pair of boots for 247 gold pieces
 39926 | Bazaar   | Bought a +1 cloak of preservation for 264 gold pieces
 40341 | Elf:3    | Identified the +1 morningstar of Departure {flame, *Noise
                  | rElec rCorr SInv}
 40352 | Elf:3    | Identified the +9 lajatang "Riheareh" {heavy, rPois}
 40757 | Elf:3    | Reached skill level 10 in Armour
 40958 | Elf:3    | Identified the staff of Terror {rPois Int-2 Dex+4 Conj}
 40963 | Elf:3    | Identified the +4 great sword "Orb Guardian's Curse"
                  | {freeze, rF- rCorr Str+3}
 40964 | Elf:3    | Identified the +2 ring mail "Aceat" {*Slow rElec Dex+4}
 40982 | Elf:3    | Identified the staff "Wotsychomoz" {rPois rF+ rN+ Poison}
 41470 | Depths:1 | Entered Level 1 of the Depths
 41470 | Depths:1 | Noticed the Enchantress
 41472 | Depths:1 | Killed the Enchantress
 41680 | Depths:1 | Found a one-way gateway to a ziggurat.
 41756 | Depths:1 | Found a one-way gate to the infinite horrors of the Abyss.
 41834 | Depths:1 | Noticed a golden dragon
 41838 | Depths:1 | Killed a golden dragon
 42295 | Depths:1 | Got Dilallo's Cyclopedia of Mutable Traumaturgy
 42305 | Depths:1 | Identified the +1 flail "Ryvuneiple" {flame, rPois rN++
                  | rCorr Int+4}
 42508 | Depths:1 | Found a runed translucent door.
 42723 | Depths:1 | Found a gateway to Hell.
 42894 | Depths:2 | Reached XP level 23. HP: 152/152 MP: 44/44
 43094 | Depths:2 | Noticed a juggernaut
 43100 | Depths:2 | Killed a juggernaut
 43125 | Depths:2 | Reached skill level 27 in Ranged Weapons
 43155 | Depths:2 | Paralysed by a floating eye for 2 turns
 43214 | Depths:2 | Noticed a caustic shrike
 43218 | Depths:2 | Killed a caustic shrike
 43258 | Depths:2 | Identified the staff of the Endless Expanse {rPois rF- rN+
                  | Int+3 Poison}
 43440 | Depths:2 | Found a one-way gate leading to the halls of Pandemonium.
 44171 | Depths:3 | Found Giutt's Antique Armour Boutique.
 44281 | Depths:3 | Found Uregeigh's Assorted Antiques.
 44336 | Depths:3 | Found Xenkojil's Jewellery Shop.
 44484 | Depths:3 | Found Plog's Book Boutique.
 44484 | Depths:3 | Found Suah's Jewellery Emporium.
 44485 | Depths:3 | Found Mialet's Jewellery Emporium.
 44962 | Depths:4 | Entered Level 4 of the Depths
 45157 | Depths:4 | Found Murit's Jewellery Shop.
 45159 | Depths:4 | Found Zuuteb's Assorted Antiques.
 45159 | Depths:4 | Found Obuvvaba's Distillery.
 45172 | Depths:4 | Found Dyju's Distillery.
 45188 | Depths:4 | Bought a potion of heal wounds for 110 gold pieces
 45188 | Depths:4 | Bought a potion of heal wounds for 110 gold pieces
 45188 | Depths:4 | Bought a potion of mutation for 176 gold pieces
 45191 | Depths:4 | Bought a potion of resistance for 210 gold pieces
 45242 | Depths:4 | Found a gate to the Realm of Zot.
 45248 | Depths:4 | Reached XP level 24. HP: 160/160 MP: 44/44
 45252 | Depths:4 | Reached skill level 1 in Evocations
 45861 | Depths:3 | Identified the +6 quarterstaff of Zameck {flame, rN+}
 46181 | Vaults:5 | Entered Level 5 of the Vaults
 46304 | Vaults:5 | Identified the +10 shortbow of the Tundras {heavy, rC++
                  | Str+3 SInv}
 46308 | Vaults:5 | Got a silver rune of Zot
 46316 | Vaults:5 | Identified the +0 scale mail of the Stone Wall {rElec rC+}
 46371 | Vaults:5 | Identified the +3 leather armour of the Sparrow {Will+}
 46413 | Vaults:5 | Reached skill level 15 in Armour
 46622 | Vaults:5 | Acquired the ring "Coamp" {rF+ rN++ rCorr}
 46701 | Vaults:5 | Reached skill level 5 in Evocations
 47081 | Vaults:5 | Noticed a dread lich
 47087 | Vaults:5 | Killed a dread lich
 47413 | Vaults:5 | Identified the staff "Testudinebane" {+Blink rElec Will++
                  | SInv Air}
 47414 | Vaults:5 | Identified the staff "Coysa" {*Corrode rElec rN++ Str+4
                  | SInv Air}
 47927 | Elf:2    | Bought a scroll of acquirement for 1508 gold pieces
 47927 | Elf:2    | Bought a scroll of teleportation for 87 gold pieces
 47927 | Elf:2    | Acquired 1223 gold pieces
 48026 | Orc:2    | Bought 2 potions of mutation for 208 gold pieces
 48026 | Orc:2    | Bought a potion of mutation for 104 gold pieces
 48026 | Orc:2    | Bought a potion of mutation for 104 gold pieces
 48026 | Orc:2    | Bought a potion of curing for 39 gold pieces
 48026 | Orc:2    | Bought a potion of curing for 39 gold pieces
 48344 | Vaults:1 | Bought a potion of heal wounds for 85 gold pieces
 48344 | Vaults:1 | Bought a potion of curing for 51 gold pieces
 48344 | Vaults:1 | Bought a potion of curing for 51 gold pieces
 48344 | Vaults:1 | Bought 2 potions of mutation for 272 gold pieces
 48344 | Vaults:1 | Bought a potion of mutation for 136 gold pieces
 48593 | Zot:1    | Entered Level 1 of the Realm of Zot
 49185 | Zot:2    | Reached XP level 25. HP: 162/168 MP: 44/44
 49225 | Zot:2    | Reached skill level 10 in Invocations
 49625 | D:10     | Noticed Zgarb's ghost (novice DgIE)
 49640 | D:10     | Killed Zgarb's ghost
 50410 | Zot:2    | Found a transporter.
 50507 | Zot:2    | Found a transporter.
 50963 | Zot:3    | Reached skill level 27 in Dodging
 51867 | Zot:4    | Noticed a Killer Klown
 51890 | Zot:4    | Killed a Killer Klown
 52479 | Zot:5    | Entered Level 5 of the Realm of Zot
 53117 | Zot:5    | Noticed an orb of fire
 53120 | Zot:5    | Gained mutation: Your spells are a little easier to cast,
                  | but a little less powerful. [an orb of fire]
 53122 | Zot:5    | Gained mutation: You are frail. (-10% HP) [an orb of fire]
 53123 | Zot:5    | Killed an orb of fire
 53152 | Zot:5    | Noticed a Killer Klown
 53161 | Zot:5    | Killed a Killer Klown
 53197 | Zot:5    | Noticed a Killer Klown
 53203 | Zot:5    | Noticed an ancient lich
 53208 | Zot:5    | Killed an ancient lich
 53212 | Zot:5    | Killed a Killer Klown
 53291 | Zot:5    | Reached XP level 26. HP: 161/161 MP: 45/45
 53291 | Zot:5    | Lost mutation: You are frail. (-10% HP) [potion of
                  | mutation]
 53291 | Zot:5    | Lost mutation: Your spells are a little easier to cast, but
                  | a little less powerful. [potion of mutation]
 53291 | Zot:5    | Gained mutation: You expend magic power (3 MP) to
                  | strengthen your wands. [potion of mutation]
 53312 | Zot:5    | Noticed an ancient lich
 53320 | Zot:5    | Noticed a dread lich
 53326 | Zot:5    | Killed a dread lich
 53491 | Zot:5    | Noticed an ancient lich
 53493 | Zot:5    | Noticed an orb of fire
 53494 | Zot:5    | Killed an ancient lich
 53497 | Zot:5    | Noticed an orb of fire
 53498 | Zot:5    | Killed an orb of fire
 53500 | Zot:5    | Killed an orb of fire
 53815 | Zot:5    | Noticed an orb of fire
 53817 | Zot:5    | Killed an orb of fire
 53824 | Zot:5    | Noticed a dread lich
 53825 | Zot:5    | Noticed an orb of fire
 53828 | Zot:5    | Gained mutation: Your magical capacity is low. (-10% MP)
                  | [an orb of fire]
 53831 | Zot:5    | Killed a dread lich
 53831 | Zot:5    | Noticed an orb of fire
 53837 | Zot:5    | Gained mutation: Your magical capacity is very low. (-20%
                  | MP) [an orb of fire]
 53838 | Zot:5    | Gained mutation: You are weak. (Str -2) [an orb of fire]
 53839 | Zot:5    | Killed an orb of fire
 53841 | Zot:5    | Gained mutation: You are clumsy. (Dex -2) [an orb of fire]
 53842 | Zot:5    | Killed an orb of fire
 53849 | Zot:5    | Lost mutation: Your magical capacity is very low. (-20% MP)
                  | [potion of mutation]
 53849 | Zot:5    | Lost mutation: You are weak. (Str -2) [potion of mutation]
 53849 | Zot:5    | Gained mutation: You have large cloven feet. [potion of
                  | mutation]
 53930 | Zot:5    | Noticed an orb of fire
 53936 | Zot:5    | Gained mutation: You have hidden genetic defects. [an orb
                  | of fire]
 53938 | Zot:5    | Lost mutation: You have hidden genetic defects. [an orb of
                  | fire]
 53940 | Zot:5    | Gained mutation: Armour fits poorly on your strangely
                  | shaped body. [an orb of fire]
 53942 | Zot:5    | Killed an orb of fire
 53943 | Zot:5    | Lost mutation: Armour fits poorly on your strangely shaped
                  | body. [potion of mutation]
 53943 | Zot:5    | Lost mutation: You are clumsy. (Dex -2) [potion of
                  | mutation]
 53943 | Zot:5    | Lost mutation: You expend magic power (3 MP) to strengthen
                  | your wands. [potion of mutation]
 53943 | Zot:5    | Gained mutation: Your mind is acute. (Int +4, Str/Dex -1)
                  | [potion of mutation]
 54003 | Zot:5    | Noticed an orb of fire
 54012 | Zot:5    | Killed an orb of fire
 54053 | Zot:5    | Noticed an orb of fire
 54059 | Zot:5    | Killed an orb of fire
 54285 | Zot:5    | Got the Orb of Zot
 54313 | Zot:5    | Noticed Agudda the pandemonium lord
 54319 | Zot:5    | Killed Agudda the pandemonium lord
 54883 | D:5      | Noticed Gujoclat the pandemonium lord
 54892 | D:5      | Killed Gujoclat the pandemonium lord
 55006 | D:$      | Escaped with the Orb!

Illustrated notes

Levels and vault maps discovered:
D:1:      scummos_arrival_forest, layout_basic,
          shapermc_ecumenical_altar_flowoftime
D:2:      layout_loops_ring, serial_bayou, serial_bayou_ford_a,
          serial_bayou_shore_a, serial_bayou_crossing, serial_bayou_lake_a,
          kennysheep_nub
D:3:      layout_basic
D:4:      layout_basic, minmay_temple_entry_glassed_door,
          hellmonk_ghost_happy_afterlife
D:5:      layout_basic, lemuel_tele_altar
D:6:      layout_basic, nicolae_ashenzari_skybound, kennysheep_cluttered_room,
          minmay_starry_boxes, uniq_blork_the_orc, uniq_edmund, uniq_pikel,
          uniq_sigmund
D:7:      layout_loops_ring, lemuel_crystal_altar, gup_ossuary_entry_pyramid,
          abandoned_shop, eino_tiny_chamber, grunt_ministairs_9
D:8:      layout_basic, gammafunk_temple_overflow_wave, serial_shops,
          nicolae_shop_advertising_works [nicolae_subvault_shop_adworks],
          minivault_1, uniq_erica, uniq_maurice
D:9:      layout_stronghold, chequers_temple_overflow_minitemple,
          grunt_dithmenos_shadows, kennysheep_orc_monster_closet_entryway,
          hangedman_misty_isle, uniq_joseph, uniq_psyche, uniq_erolcha
D:10:     layout_cave_pools, nemelex_xobeh_ov_fountains_minmay,
          dk_yredelemnul_ordeal, david_lair_shrubbed,
          gammafunk_ghost_berserking_beasts
D:11:     nicolae_hexawheel, layout_grid_maze, uniq_sonja
D:12:     kennysheep_kobold_lugonu_temple, layout_loops_ring,
          portal_ice_cave_demonic_guard
D:13:     layout_cave_pools, serial_rivers, chequers_serial_rivers_micro_c,
          chequers_serial_rivers_marsh, chequers_serial_rivers_large_b,
          chequers_serial_rivers_micro_e, chequers_serial_rivers_small_3
D:14:     cheibrodos_hippocracy, layout_basic, david_vaults_4,
          nicolae_kite_square_tiling_tiny
D:15:     grunt_enter_depths_snipers, layout_stronghold,
          serial_co_window_serial, co_window_cross_1, co_window_paths_b,
          co_window_paths_b, co_window_paths_b, co_window_corner_a,
          co_window_cross_3, co_window_2corner, co_window_corner_b,
          glass_columns_a, glass_columns_a, glass_columns_a, glass_columns_a,
          serial_shops, nicolae_shop_waterfront
Temple:   hellmonk_temple_divided_pantheon
Lair:1:   layout_cellular_growth, uniq_amaemon
Lair:2:   layout_small_grid, infiniplex_staircase_pool_2, grunt_megastairs_3
Lair:3:   layout_regular_city, nicolae_shoals_entry_roost,
          hellmonk_spider_entry_life_and_decay, basic_altar,
          minmay_shattered_shrine
Lair:4:   layout_cave_pods, slime_entry_1
Lair:5:   minmay_lair_end_frog_pond, layout_cave_shapes, serial_bayou_pond_a,
          kennysheep_snail_temple
Shoals:1: layout_shoals, nicolae_shop_self_help
Shoals:2: layout_shoals, serial_shops, nicolae_shop_tiny_glass,
          nicolae_shoals_wave_tunnel
Shoals:3: layout_shoals, serial_shops, nicolae_stop_n_shop_1
Shoals:4: shoals_end_simple, layout_shoals, uniq_polyphemus, uniq_nikola
Spider:1: layout_spider_delve
Spider:2: layout_spider_delve, drop_trap
Spider:3: layout_spider_delve, nicolae_spider_moth_buddies, uniq_arachne
Spider:4: grunt_spider_rune_circles, hangedman_spider_tarantella_strand
Orc:1:    layout_caves, serial_shops, shop_coins, rock_pile, uniq_urug,
          uniq_josephine
Orc:2:    st_orc_town, layout_caves, serial_shops, nicolae_lakefront_shop
Elf:1:    elf_arrival_002, layout_onion_city, hangedman_corner_corridor,
          nicolae_elf_glassroom_feature, uniq_jorgrun
Elf:2:    nicolae_elf_blades_crystal_corner, layout_geoelf_diagonals,
          serial_shops, nicolae_shop_statue_plus, nicolae_take_the_stairs,
          shop_fountains, shop, shop, grunt_ministairs_13, minivault_25
Elf:3:    elf_hall_gauntlet_wide, layout_geoelf_octagon, serial_shops,
          bzr_entry_safe, shop, nicolae_shop_rolling_square, shop, uniq_norris
Vaults:1: ontoclasm_vaults_eye, v_alt_pattern_2, v_misc_23,
          nicolae_vaults_security_offices_1, v_misc_30, nicolae_vaults_swerve,
          dpeg_vaults_monster_box, nicolae_vaults_alarming,
          layout_vaults_omnigrid, serial_shops, shop, uniq_asterion, uniq_zenata
Vaults:2: nicolae_vaults_network_star, minmay_crypt_entry_vampire_xt,
          nicolae_vaults_storage_room_water, nicolae_vaults_border_crossing,
          ontoclasm_vaults_spin, dpeg_vaults_monster_doublerow,
          nicolae_vaults_little_squares_1, nicolae_vaults_yaktaur_gun_rack,
          v_misc_1, vaults_standard_mumra_lines, nicolae_vaults_rhombus_6,
          ontoclasm_vaults_loading_screen, layout_vaults_ring, serial_shops,
          nicolae_shop_hallway_plus, nicolae_shop_waterfront, shop,
          nicolae_shop_rolling_square
Vaults:3: nicolae_vaults_taking_the_gang_shopping, v_misc_10, v_misc_29,
          v_misc_12, nicolae_vaults_shrinking_rooms_1,
          nicolae_vaults_turnstiles, nicolae_vaults_circle_grid_b,
          ontoclasm_vaults_shuriken, nicolae_vaults_antechamber_and_loot_room,
          nicolae_vaults_trapezoid_lopsided_1, nicolae_vaults_apartment_1,
          nicolae_vaults_apartment_1, vaults_dpeg_diagonal,
          grunt_vaults_hallway_long, layout_vaults_omnibox, uniq_xtahua,
          uniq_boris
Vaults:4: hangedman_vaults_stagger, v_misc_19, nicolae_vaults_more_shelving_2,
          nicolae_vaults_trapezoid_4, nicolae_vaults_stand_back, v_misc_9,
          hangedman_vaults_river_flow, nicolae_vaults_circle_grid_b,
          ontoclasm_vaults_ligature, hangedman_vaults_cutoff, v_misc_15,
          nicolae_vaults_storage_closets_2, ontoclasm_vaults_gateway,
          layout_vaults_big_cross, serial_shops, shop
Vaults:5: serial_shops
Depths:1: hangedman_box_tower, layout_cave_pools, enter_ziggurat_a,
          abandoned_shop, lightli_too_deep, abyss_entry, lightli_giant_bouncers,
          uniq_enchantress
Depths:2: minmay_the_grid_square_5x5_5x5_mashed [minmay_the_grid_square_5x5_n,
          minmay_the_grid_square_5x5_checkered,
          minmay_the_grid_square_5x5_forky,
          minmay_the_grid_square_5x5_inverted_slash,
          minmay_the_grid_square_5x5_tri_point,
          minmay_the_grid_square_5x5_three_walls,
          minmay_the_grid_square_5x5_prize_monsterx,
          minmay_the_grid_square_5x5_shrine2,
          minmay_the_grid_square_5x5_prize_junk,
          minmay_the_grid_square_5x5_corner, minmay_the_grid_square_5x5_comb,
          minmay_the_grid_square_5x5_misaligned,
          minmay_the_grid_square_5x5_prize_itemx,
          minmay_the_grid_square_5x5_lines,
          minmay_the_grid_square_5x5_tetrominoes,
          minmay_the_grid_square_5x5_shuriken,
          minmay_the_grid_square_5x5_prize_snowflake,
          minmay_the_grid_square_5x5_empty,
          minmay_the_grid_square_5x5_prize_waves,
          minmay_the_grid_square_5x5_eight_small,
          minmay_the_grid_square_5x5_three,
          minmay_the_grid_square_5x5_hollow_slash,
          minmay_the_grid_square_5x5_bracketed,
          minmay_the_grid_square_5x5_spiral_small,
          minmay_the_grid_square_5x5_minivault], layout_gridlike, hell_entry,
          grunt_pan_entry_in_and_out, abyss_entry, serial_bayou_pond_b,
          kennysheep_diamond, nrook_kobold_shadow_demons
Depths:3: minmay_spriggan_fort, layout_cave_pools, serial_shops,
          nicolae_shop_tiny_real_fake_doors, shop, nicolae_shop_hallway_stairs,
          hangedman_abyss_entry_splay, nicolae_lava_and_water, pan_entry,
          hell_entry, lemuel_flamethrower_2, minmay_staircase_bubble,
          firewood_loft, minmay_shop_grove
Depths:4: grunt_zot_entry_funnels, layout_cave_shapes,
          abyss_entry_small_statue_room, pan_entry, pf_hell_entry_great_geh,
          moated_statue, nrook_uturn, minmay_shoptagon
Zot:1:    layout_basic
Zot:2:    layout_onion, hangedman_zot_decor_unnerving_road,
          nicolae_diode_stairs, grunt_megastairs_4
Zot:3:    layout_gridlike, grunt_ministairs_14
Zot:4:    layout_gridlike
Zot:5:    layout_gridlike

Skill      XL: |  1  2  3  4  5  6  7  8  9 10 11 12 13 14 15 16 17 18 19 20 21 22 23 24 25 26 |
---------------+-------------------------------------------------------------------------------+-----
Fighting       | 1 2 4 5 6 7 8 9 10 12 13 14 15 16 17 18 19 21 23 | 23.3
Ranged Weapons | 3 4 5 6 8 10 12 14 15 16 17 19 21 22 23 26 27 | 27.0
Spellcasting   | 2 3 4 5 6 8 10 11 12 13 15 16 18 | 18.0
Hexes          | 5 6 8 |  8.0
Fire Magic     | 1 |  1.0
Short Blades   | 1 2 |  2.0
Translocations | 1 2 |  2.0
Dodging        | 4 6 7 9 11 13 15 16 17 18 20 23 24 25 26 27 | 27.0
Stealth        | 2 3 6 8 |  8.0
Conjurations   | 1 2 3 4 |  4.0
Poison Magic   | 1 |  1.0
Air Magic      | 1 2 3 |  3.0
Invocations    | 3 5 6 7 9 10 | 10.0
Ice Magic      | 2 3 5 6 |  6.1
Armour         | 1 4 9 12 14 16 | 16.2
Evocations     | 5 |  5.0

Action                     |  1- 3 |  4- 6 |  7- 9 | 10-12 | 13-15 | 16-18 | 19-21 | 22-24 | 25-27 || total
---------------------------+-------+-------+-------+-------+-------+-------+-------+-------+-------++-------
  Melee: Dagger            |     8 |       |       |       |       |       |       |       |       ||     8
         Short sword       |       |    53 |    16 |       |       |       |       |       |       ||    69
         Punch             |       |     1 |       |       |       |       |       |       |       ||     1
   Fire: Sling             |   110 |   128 |   304 |       |       |       |       |       |       ||   542
         Triple crossbow   |       |       |    41 |   288 |   689 |   661 |   885 |   899 |   568 ||  4031
         Shortbow          |       |       |       |    32 |       |       |       |       |       ||    32
   Cast: Slow              |    41 |    47 |    43 |     4 |       |       |       |       |       ||   135
         Inner Flame       |       |     5 |    37 |    10 |     4 |     5 |       |       |       ||    61
         Cause Fear        |       |       |    23 |     4 |     8 |     4 |       |       |       ||    39
         Mephitic Cloud    |       |       |     1 |     5 |     2 |     1 |       |       |       ||     9
         Ozocubu's Armour  |       |       |       |    24 |    22 |    18 |    11 |     7 |     2 ||    84
         Blink             |       |       |       |     1 |       |       |       |       |       ||     1
         Frozen Ramparts   |       |       |       |    10 |    16 |     9 |     4 |     4 |     3 ||    46
         Freezing Cloud    |       |       |       |       |     5 |    26 |    21 |    31 |    16 ||    99
 Invoke: Slouch            |       |       |       |     1 |     2 |       |       |     8 |     1 ||    12
  Evoke: Wand              |       |       |     1 |       |     1 |       |       |       |       ||     2
         Lightning rod     |       |       |       |       |       |     6 |       |     4 |       ||    10
         Phantom mirror    |       |       |       |       |       |       |       |     1 |     1 ||     2
    Use: Potion            |     1 |       |       |       |       |     1 |     1 |     1 |     8 ||    12
         Scroll            |       |     5 |    12 |     9 |    12 |     4 |     4 |    15 |     5 ||    66
   Stab: Sleeping          |       |     1 |       |       |       |       |       |       |       ||     1
 Armour: Robe              |     9 |     8 |    10 |    17 |    34 |       |       |       |       ||    78
         Leather armour    |       |       |       |       |     3 |    46 |    15 |    36 |       ||   100
         Fire dragon scale |       |       |       |       |       |       |       |    28 |    50 ||    78
  Dodge: Dodged            |    43 |    38 |    71 |   199 |   398 |   604 |   381 |   790 |   418 ||  2942
  Block: Other             |       |       |     1 |    28 |    80 |    85 |    53 |    86 |       ||   333
         Reflection        |       |       |       |     3 |     7 |     3 |     6 |     4 |       ||    23

Table legend: (Time is in decaauts)
 A = Elapsed time spent in this place.
 B = Non-inter-level travel time spent in this place.
 C = Inter-level travel time spent in this place.
 D = Time resting spent in this place.
 E = Time spent auto-exploring this place.
 F = Levels seen in this place.
 G = Mean time per level.
                   A        B        C        D        E       F      G
               +--------+--------+--------+--------+--------+-----+--------+
         Total |  90262 |  77013 |  13249 |   3089 |  57391 |  51 | 1769.8 |
       Dungeon |  30218 |  23311 |   6907 |   1506 |  16089 |  15 | 2014.5 |
        Temple |     33 |     33 |      0 |      0 |      0 |   1 |   33.0 |
          Lair |   9187 |   8220 |    967 |     53 |   6737 |   5 | 1837.4 |
        Shoals |   5087 |   4679 |    408 |      0 |   3892 |   4 | 1271.8 |
   Spider Nest |   5958 |   5570 |    388 |     39 |   4563 |   4 | 1489.5 |
  Orcish Mines |   3137 |   2544 |    593 |      0 |   2046 |   2 | 1568.5 |
   Elven Halls |   6973 |   6097 |    876 |    694 |   4270 |   3 | 2324.3 |
        Vaults |  11243 |  10346 |    897 |     95 |   7563 |   5 | 2248.6 |
        Depths |   8742 |   7365 |   1377 |      0 |   6044 |   4 | 2185.5 |
           Zot |   8724 |   7892 |    832 |    601 |   5910 |   5 | 1744.8 |
        Bazaar |    243 |    243 |      0 |      0 |    116 |   1 |  243.0 |
       Ossuary |    514 |    514 |      0 |    100 |    119 |   1 |  514.0 |
      Ice Cave |    196 |    196 |      0 |      0 |     38 |   1 |  196.0 |
               +--------+--------+--------+--------+--------+-----+--------+

Top non-repeatable levels by time:
     D:9: 3393 daAuts
   Zot:5: 2918 daAuts
   Elf:3: 2815 daAuts
    D:11: 2810 daAuts
     D:6: 2752 daAuts
Depths:2: 2618 daAuts
    D:14: 2608 daAuts
Vaults:2: 2539 daAuts
Depths:1: 2484 daAuts
Vaults:1: 2431 daAuts
    D:15: 2382 daAuts
Vaults:5: 2360 daAuts
  Lair:4: 2351 daAuts
     D:8: 2289 daAuts
Vaults:4: 2268 daAuts
